[Event "Late Titled Tuesday Blitz February 8 2022"]
[White "Jaracz, Pawel"]
[Black "Sevian, Samuel"]
[WhiteFideId "1102222"]
[BlackFideId "2040506"]
[WhiteElo "2429"]
[BlackElo "2698"]
[Result "1-0"]
[Round "06"]
[TimeControl "180+1"]
[Date "2022.02.08"]
[WhiteClock "0:00:18"]
[BlackClock "0:01:33"]

1. e4 e5 2. Nf3 Nf6 3. Nxe5 Nxe4 4. Qe2 Qe7 5. Qxe4 d6 6. d4 dxe5 7. dxe5 Nc6 8. Bb5 Bd7 9. O-O O-O-O 10. Re1 Qb4 11. Nc3 Qxe4 12. Rxe4 Nb4 13. Bxd7+ Rxd7 14. Re2 Bc5 15. a3 Nc6 16. Bf4 Nd4 17. Rd2 Rhd8 18. Rad1 Nxc2 19. Kf1 Rxd2 20. Rxd2 Rxd2 21. Bxd2 Nd4 22. Ne4 Be7 23. f4 Kd7 24. Be3 Nf5 25. Bf2 h5 26. Ke2 Kc6 27. Kd3 a5 28. g3 b5 29. h3 g6 30. Be1 a4 31. Bb4 Bd8 32. g4 hxg4 33. hxg4 Nh6 34. Nf2 Bh4 35. Bf8 Bxf2 36. Bxh6 Kd5 37. Bg7 Bd4 38. e6 Bxb2 39. e7 1-0


[Site "https://www.chess.com"]

[Event "Late Titled Tuesday Blitz February 8 2022"]
[White "Jobava, Baadur"]
[Black "Hasangatin, Ramil"]
[WhiteFideId "13601520"]
[BlackFideId "4122160"]
[WhiteElo "2617"]
[BlackElo "2375"]
[Result "1-0"]
[Round "06"]
[TimeControl "180+1"]
[Date "2022.02.08"]
[WhiteClock "0:01:14"]
[BlackClock "0:00:13"]

1. b3 e5 2. Bb2 d6 3. e3 Nd7 4. Ne2 g6 5. d4 Bg7 6. dxe5 Nxe5 7. Nbc3 Nf6 8. Qd2 O-O 9. O-O-O Re8 10. Kb1 a6 11. h3 b5 12. f4 Ned7 13. g4 Bb7 14. Rg1 Nc5 15. Ng3 b4 16. Nce2 Nfe4 17. Nxe4 Nxe4 18. Qxb4 Bxb2 19. Kxb2 Rb8 20. Nc3 c5 21. Qc4 Qf6 22. g5 Qg7 23. Bg2 d5 24. Qd3 Nf2 25. Qd2 Nxd1+ 26. Rxd1 d4 27. exd4 cxd4 28. Nd5 Bxd5 29. Bxd5 Rbd8 30. Qxd4 Qxd4+ 31. Rxd4 Kf8 32. b4 Re3 33. h4 Ke7 34. a4 f5 35. a5 Rh3 36. c4 Rxh4 37. b5 axb5 38. cxb5 Rb8 39. Bc6 1-0


[Site "https://www.chess.com"]

[Event "Late Titled Tuesday Blitz February 8 2022"]
[White "Kamsky, Gata"]
[Black "Pulvett Marin, Daniel Eduardo"]
[WhiteFideId "2000024"]
[BlackFideId "3900410"]
[WhiteElo "2645"]
[BlackElo "2413"]
[Result "1/2-1/2"]
[Round "06"]
[TimeControl "180+1"]
[Date "2022.02.08"]
[WhiteClock "0:00:21"]
[BlackClock "0:00:37"]

1. e4 e5 2. Nf3 Nc6 3. Bb5 a6 4. Ba4 Nf6 5. O-O Bc5 6. c3 O-O 7. d4 Ba7 8. Re1 b5 9. Bb3 d6 10. h3 Bb7 11. Bg5 h6 12. Bxf6 Qxf6 13. Bd5 Rab8 14. a4 b4 15. Qd3 bxc3 16. bxc3 exd4 17. Bxc6 Bxc6 18. cxd4 a5 19. Rc1 Ba8 20. Nc3 Rfc8 21. Nb5 Bb6 22. d5 Bb7 23. Nbd4 Re8 24. Re1 g6 25. Rad1 Re7 26. h4 Rbe8 27. Re3 h5 28. Qc2 Kg7 29. Qd3 Kg8 30. Qc2 Kg7 31. Qd3 Kg8 1/2-1/2


[Site "https://www.chess.com"]

[Event "Late Titled Tuesday Blitz February 8 2022"]
[White "Kanyamarala, Trisha"]
[Black "Oro, Luis"]
[WhiteFideId "45004722"]
[BlackFideId "104094"]
[WhiteElo "2002"]
[BlackElo "2289"]
[Result "0-1"]
[Round "06"]
[TimeControl "180+1"]
[Date "2022.02.09"]
[WhiteClock "0:00:02"]
[BlackClock "0:00:12"]

1. c4 Nf6 2. Nc3 g6 3. e4 d6 4. d3 Bg7 5. g3 O-O 6. Bg2 e5 7. Nge2 Be6 8. O-O c6 9. d4 Bxc4 10. h3 Nbd7 11. Be3 Ne8 12. d5 cxd5 13. Nxd5 Rc8 14. Re1 Bxd5 15. Qxd5 Rc6 16. Nc3 Nc7 17. Qd2 Nb6 18. b3 Ne6 19. Rad1 Nd7 20. Nb5 Ndc5 21. Nxd6 Nd4 22. Bxd4 Rxd6 23. Qc1 Rxd4 24. Rxd4 Qxd4 25. Rd1 Qb4 26. a3 Qxb3 27. Rd5 Ne6 28. h4 Nd4 29. Qc5 b6 30. Qe7 Qd1+ 31. Kh2 Qe2 32. Kg1 Nf3+ 33. Bxf3 Qxf3 34. Qxa7 Qxe4 35. Rd7 b5 36. Rb7 Qe1+ 37. Kg2 Qe4+ 38. Kg1 Qc4 39. Qa6 Rd8 40. Rxb5 Qe4 41. Kh2 Rd1 42. Rb8+ Bf8 43. Rxf8+ Kxf8 44. Qc8+ Kg7 45. h5 Rh1# 0-1


[Site "https://www.chess.com"]

[Event "Late Titled Tuesday Blitz February 8 2022"]
[White "Karas, Marek"]
[Black "Cupid, Kevin"]
[WhiteFideId "14928558"]
[BlackFideId "7700512"]
[WhiteElo "2270"]
[BlackElo "2096"]
[Result "1-0"]
[Round "06"]
[TimeControl "180+1"]
[Date "2022.02.09"]
[WhiteClock "0:00:37"]
[BlackClock "0:00:08"]

1. e3 c5 2. Nf3 g6 3. d4 Bg7 4. dxc5 Qa5+ 5. Bd2 Qxc5 6. Bc3 Nf6 7. Nbd2 O-O 8. Be2 a6 9. O-O d6 10. a4 b6 11. h3 Bb7 12. Nd4 Nbd7 13. Bf3 Bxf3 14. Qxf3 Rfc8 15. N4b3 Qc7 16. e4 Ne8 17. Bxg7 Nxg7 18. c3 Ne5 19. Qe2 Ne6 20. f4 Nc4 21. f5 Ng7 22. Nxc4 Qxc4 23. Qxc4 Rxc4 24. Nd4 e5 25. fxe6 Nxe6 26. Rfd1 Nc5 27. Nf3 Nxe4 28. Re1 f5 29. Nd4 Kf7 30. Rf1 Nc5 31. g4 Rxa4 32. gxf5 Rxa1 33. fxg6+ Kxg6 34. Rxa1 a5 35. Nb5 d5 36. Rd1 Rd8 37. Nc7 Na4 38. Nxd5 Kf7 39. b3 Nc5 40. b4 Ne4 41. Rf1+ Ke6 42. Nxb6 Nxc3 43. bxa5 Rg8+ 44. Kh2 Kd6 45. a6 Kc6 46. Rf6+ Kc7 47. a7 Nb5 48. a8=Q Rxa8 49. Nxa8+ 1-0


[Site "https://www.chess.com"]

[Event "Late Titled Tuesday Blitz February 8 2022"]
[White "Kashefi, Amir Hosein"]
[Black "Prieto Aranguren, Alain"]
[WhiteFideId "12557935"]
[BlackFideId "2268906"]
[WhiteElo "2098"]
[BlackElo "2235"]
[Result "0-1"]
[Round "06"]
[TimeControl "180+1"]
[Date "2022.02.09"]
[WhiteClock "0:00:01"]
[BlackClock "0:01:11"]

1. d4 Nf6 2. Nf3 c5 3. c3 cxd4 4. cxd4 d5 5. Nc3 Nc6 6. Bf4 Bf5 7. e3 e6 8. Bd3 Bxd3 9. Qxd3 Bd6 10. Bg3 O-O 11. a3 Rc8 12. O-O Bxg3 13. hxg3 Na5 14. Nd2 Ng4 15. f3 Nf6 16. Rac1 Nd7 17. Kf2 Nb6 18. Rh1 g6 19. Rh6 Kg7 20. Rch1 Rh8 21. Ne2 Qc7 22. Nf4 Qc2 23. b4 Qxd3 24. Nxd3 Rc2 25. Ke1 Nac4 26. Nxc4 Nxc4 27. e4 Ne3 28. exd5 exd5 29. R6h2 Nxg2+ 30. Kd1 Ne3+ 31. Ke1 Rc3 32. Kd2 Rxa3 33. Kxe3 Re8+ 34. Kd2 h5 35. Nc5 b6 36. Nd3 a5 37. bxa5 bxa5 38. Nc5 a4 39. Rh4 Rxf3 40. Rc1 a3 41. Rc3 a2 0-1


[Site "https://www.chess.com"]

[Event "Late Titled Tuesday Blitz February 8 2022"]
[White "Kirillov, Dmitry"]
[Black "Kubatko, Ivan"]
[WhiteFideId "34180572"]
[BlackFideId "24111473"]
[WhiteElo "2076"]
[BlackElo "2285"]
[Result "1-0"]
[Round "06"]
[TimeControl "180+1"]
[Date "2022.02.09"]
[WhiteClock "0:00:16"]
[BlackClock "0:00:28"]

1. d4 d5 2. c4 e6 3. Nf3 c5 4. e3 Nc6 5. Nc3 Nf6 6. a3 dxc4 7. Bxc4 a6 8. O-O b5 9. Bb3 Bb7 10. dxc5 Bxc5 11. Bc2 O-O 12. b4 Bb6 13. Qxd8 Rfxd8 14. Bb2 Ne7 15. Rfd1 Ned5 16. Nxd5 Rxd5 17. Rxd5 Bxd5 18. Bd3 Rc8 19. Rc1 Rxc1+ 20. Bxc1 Kf8 21. Bb2 h6 22. Kf1 Ke7 23. Ke2 g6 24. Ne5 Nd7 25. f3 Nxe5 26. Bxe5 h5 27. Bc3 Bc7 28. g3 Bb6 29. Be1 Kd6 30. Bf2 e5 31. e4 Bxf2 32. Kxf2 Be6 33. Ke3 f6 34. Kd2 Bf7 35. Kc3 Be6 36. Bf1 Bf7 37. Bh3 Be6 38. Bf1 Bf7 39. a4 Be8 40. a5 Bd7 41. h4 Be6 42. Be2 Bd7 43. Kd2 Be6 44. Ke3 Bd7 45. g4 Be8 46. gxh5 gxh5 47. f4 Bf7 48. f5 Be8 49. Kd3 Kc7 50. Kc3 Kd6 51. Bd1 Bf7 52. Kd3 Bc4+ 53. Ke3 Kc6 54. Bxh5 Kd6 55. Bg6 1-0


[Site "https://www.chess.com"]

[Event "Late Titled Tuesday Blitz February 8 2022"]
[White "Kobalia, Mikhail"]
[Black "Romanchuk, Viktor"]
[WhiteFideId "4119150"]
[BlackFideId "14109271"]
[WhiteElo "2667"]
[BlackElo "2242"]
[Result "1-0"]
[Round "06"]
[TimeControl "180+1"]
[Date "2022.02.08"]
[WhiteClock "0:01:52"]
[BlackClock "0:00:31"]

1. e4 e6 2. d3 d5 3. Nd2 Nf6 4. Ngf3 c5 5. g3 g6 6. Bg2 Bg7 7. O-O O-O 8. Re1 Nc6 9. c3 a5 10. a4 b6 11. e5 Nd7 12. d4 cxd4 13. cxd4 Ba6 14. Nf1 Nb4 15. Bg5 f6 16. exf6 Bxf6 17. Bxf6 Qxf6 18. Ne3 Rae8 19. Ng4 Qg7 20. Re3 g5 21. Nfe5 Nxe5 22. Nxe5 Rc8 23. Bh3 Rfe8 24. Rc1 Qf6 25. Rf3 Qh6 26. Bg4 Rf8 27. Rxf8+ Qxf8 28. Bxe6+ 1-0


[Site "https://www.chess.com"]

[Event "Late Titled Tuesday Blitz February 8 2022"]
[White "Kopylov, Alexander A."]
[Black "Song, Guannan Terry"]
[WhiteFideId "4164857"]
[BlackFideId "2614189"]
[WhiteElo "2436"]
[BlackElo "2115"]
[Result "1-0"]
[Round "06"]
[TimeControl "180+1"]
[Date "2022.02.08"]
[WhiteClock "0:02:33"]
[BlackClock "0:01:48"]

1. e4 c5 2. Nf3 d6 3. d4 cxd4 4. Nxd4 Nf6 5. f3 a6 6. c4 e6 7. Nc3 Be7 8. Be3 O-O 9. Be2 b6 10. O-O Bb7 11. a4 Nc6 12. Nxc6 Bxc6 13. a5 bxa5 14. Qb3 Nd7 15. Qa2 Rb8 16. Rfb1 Nc5 17. Qxa5 Qd7 18. b4 Bf6 19. bxc5 1-0


[Site "https://www.chess.com"]

[Event "Late Titled Tuesday Blitz February 8 2022"]
[White "Kosakowski, Jakub"]
[Black "Shevchenko, Kirill"]
[WhiteFideId "1185080"]
[BlackFideId "14129574"]
[WhiteElo "2476"]
[BlackElo "2624"]
[Result "0-1"]
[Round "06"]
[TimeControl "180+1"]
[Date "2022.02.08"]
[WhiteClock "0:01:34"]
[BlackClock "0:02:27"]

1. e4 c5 2. Nf3 d6 3. d4 cxd4 4. Qxd4 Bd7 5. Be2 Nc6 6. Qe3 g6 7. O-O Bg7 8. h3 Nf6 9. Rd1 O-O 10. c4 Qb6 11. Qxb6 axb6 12. Nc3 Rfc8 13. Be3 Na5 14. b3 b5 15. c5 b4 16. Na4 Bxa4 17. bxa4 Nxe4 0-1


[Site "https://www.chess.com"]

[Event "Late Titled Tuesday Blitz February 8 2022"]
[White "Kosteniuk, Alexandra"]
[Black "Goltseva, Ekaterina"]
[WhiteFideId "4128125"]
[BlackFideId "24173770"]
[WhiteElo "2469"]
[BlackElo "2140"]
[Result "0-1"]
[Round "06"]
[TimeControl "180+1"]
[Date "2022.02.09"]
[WhiteClock "0:00:40"]
[BlackClock "0:00:29"]

1. e4 e5 2. f4 d5 3. exd5 exf4 4. Nf3 Nf6 5. Bb5+ Bd7 6. Qe2+ Be7 7. Nc3 O-O 8. O-O Re8 9. d4 Bd6 10. Ne5 Bxb5 11. Qxb5 Nbd7 12. Bxf4 Nxe5 13. dxe5 Bxe5 14. Rad1 Rb8 15. Qa5 a6 16. Qb4 Qd6 17. Qxd6 cxd6 18. Rd3 Rbc8 19. h3 h6 20. a4 Rc5 21. Be3 Rc4 22. a5 Rec8 23. Bd2 R4c5 24. Rf5 Rxa5 25. Ne4 Ra1+ 26. Kf2 Nxe4+ 27. Ke3 Nxd2 28. Kxd2 Bxb2 29. Rb3 Bc1+ 30. Kd3 b5 31. Rf1 Bb2 32. Rxa1 Bxa1 33. Ra3 Be5 34. Rxa6 Rc3+ 35. Ke4 Rxc2 36. g4 b4 37. Rb6 Rb2 0-1


[Site "https://www.chess.com"]

[Event "Late Titled Tuesday Blitz February 8 2022"]
[White "Kostiukov, Alexandr"]
[Black "Levine, David"]
[WhiteFideId "14108100"]
[BlackFideId "2011611"]
[WhiteElo "2202"]
[BlackElo "2120"]
[Result "0-1"]
[Round "06"]
[TimeControl "180+1"]
[Date "2022.02.09"]
[WhiteClock "0:00:05"]
[BlackClock "0:00:19"]

1. g3 Nf6 2. Bg2 g6 3. c4 Bg7 4. Nf3 O-O 5. O-O d6 6. d4 Nbd7 7. Nc3 e5 8. e4 exd4 9. Nxd4 Re8 10. h3 a6 11. Be3 Rb8 12. a4 Nc5 13. Qc2 c6 14. b4 Ne6 15. Rad1 Qc7 16. Rfe1 a5 17. b5 Nxd4 18. Bxd4 Nd7 19. Be3 Ne5 20. b6 Qe7 21. c5 dxc5 22. Ne2 c4 23. f4 Nd3 24. Rxd3 cxd3 25. Qxd3 f5 26. e5 Be6 27. Qc3 Qb4 28. Qa1 Bb3 29. Nd4 Bd5 30. Bxd5+ cxd5 31. Kf2 Rbc8 32. Qa2 Qc4 33. Qb2 Qc3 34. Qa2 Bf8 35. Re2 Qc4 36. Qb2 Bb4 37. h4 Bc3 38. Qb3 Bxd4 39. Qb1 Bxe3+ 40. Rxe3 Qc2+ 41. Qxc2 Rxc2+ 42. Kf3 Rc4 43. g4 fxg4+ 44. Kxg4 d4 45. Rd3 Kf7 46. h5 Rxa4 47. hxg6+ hxg6 48. Rh3 d3 49. Rh7+ Ke6 50. Rg7 Kd5 51. Rxg6 Ke4 0-1


[Site "https://www.chess.com"]

[Event "Late Titled Tuesday Blitz February 8 2022"]
[White "Kraus, Tomas"]
[Black "yondaymebr"]
[WhiteFideId "331708"]
[WhiteElo "2389"]
[BlackElo "2534"]
[Result "1-0"]
[Round "06"]
[TimeControl "180+1"]
[Date "2022.02.09"]
[WhiteClock "0:01:00"]
[BlackClock "0:00:03"]

1. e4 c5 2. Nf3 e6 3. d4 cxd4 4. Nxd4 Nf6 5. Nc3 Nc6 6. Ndb5 Bb4 7. a3 Bxc3+ 8. Nxc3 d5 9. exd5 exd5 10. Bd3 O-O 11. O-O d4 12. Ne2 Bg4 13. f3 Bh5 14. Bg5 Qd6 15. Qd2 Rfe8 16. Rfe1 Bg6 17. Ng3 h6 18. Bf4 Qc5 19. Rxe8+ Rxe8 20. Re1 Rxe1+ 21. Qxe1 Bxd3 22. cxd3 Nd5 23. Qe8+ Kh7 24. Qxf7 Nxf4 25. Qxf4 Qc2 26. Qe4+ Kg8 27. Nf5 Qc1+ 28. Kf2 Qxb2+ 29. Kg3 Qc1 30. h4 Qc5 31. Qe6+ Kh7 32. f4 Qf8 33. h5 Kh8 34. Nh4 Qf6 35. Ng6+ Kh7 36. Qe8 1-0


[Site "https://www.chess.com"]

[Event "Late Titled Tuesday Blitz February 8 2022"]
[White "Kukula, Pawel"]
[Black "Karttunen, Mika"]
[WhiteFideId "1115081"]
[BlackFideId "502081"]
[WhiteElo "2203"]
[BlackElo "2343"]
[Result "1-0"]
[Round "06"]
[TimeControl "180+1"]
[Date "2022.02.09"]
[WhiteClock "0:00:15"]
[BlackClock "0:00:01"]

1. d4 d5 2. Nf3 Nf6 3. e3 e6 4. Bd3 Be7 5. O-O O-O 6. Nbd2 c5 7. c3 Nc6 8. Ne5 Nd7 9. f4 f5 10. b3 Ndxe5 11. fxe5 Bd7 12. Nf3 Be8 13. Qe1 Bh5 14. Bb2 cxd4 15. exd4 g5 16. Rc1 g4 17. Nd2 Bg5 18. Rc2 f4 19. Ba3 Rf7 20. b4 a6 21. Bc1 Bh6 22. Nb3 b6 23. Rcf2 Qf8 24. c4 Nxb4 25. Bb1 dxc4 26. Nd2 Nd3 27. Bxd3 cxd3 28. Ne4 f3 29. Nf6+ Rxf6 30. exf6 Qxf6 31. Bxh6 Qxh6 32. Qe4 Rd8 33. Qxd3 b5 34. Qe4 Rd5 35. gxf3 gxf3 36. Kh1 Qf6 37. Rg1+ Kh8 38. Rg3 Rxd4 39. Qe1 Rd8 40. Rg1 e5 41. Qe4 a5 42. Qb7 b4 43. Qb5 Bg6 44. Qxa5 e4 45. Qa7 Qf4 46. Qe7 Rf8 47. Re1 Qf6 48. Qxb4 Re8 49. Qd2 Qe5 50. Re3 1-0


[Site "https://www.chess.com"]

[Event "Late Titled Tuesday Blitz February 8 2022"]
[White "Ladan, Nicholas"]
[Black "Pesotskiy, Mikhail"]
[WhiteFideId "30918855"]
[BlackFideId "34164453"]
[WhiteElo "2298"]
[BlackElo "2010"]
[Result "0-1"]
[Round "06"]
[TimeControl "180+1"]
[Date "2022.02.09"]
[WhiteClock "0:00:05"]
[BlackClock "0:00:28"]

1. d4 Nf6 2. c4 e6 3. g3 Bb4+ 4. Bd2 a5 5. Bg2 O-O 6. Nf3 d6 7. O-O b6 8. Bg5 d5 9. a3 Be7 10. Nbd2 Bb7 11. Qc2 Nbd7 12. Rfd1 Rc8 13. Rac1 c5 14. Qb3 Ba8 15. cxd5 Bxd5 16. Qe3 h6 17. Bxf6 Nxf6 18. Nf1 cxd4 19. Nxd4 Rxc1 20. Rxc1 Bxg2 21. Kxg2 Qa8+ 22. Nf3 Bc5 23. Qf4 Rd8 24. b4 axb4 25. axb4 Nd5 26. Qc4 Nxb4 27. Ne3 Bxe3 28. fxe3 Nd5 29. Qb3 Nf6 30. Qxb6 Ng4 31. Ra1 Qd5 32. Ra4 Qd1 33. Rxg4 Qxe2+ 34. Kh3 Rd5 35. Qb8+ Kh7 36. Qb1+ f5 37. Rf4 g5 38. Rd4 Qxf3 39. Qb7+ Kg6 40. Rxd5 Qxd5 41. Qc8 Qf3 42. Qg8+ Kf6 43. Qh8+ Ke7 44. Qg7+ Kd6 45. Qxh6 Qf1# 0-1


[Site "https://www.chess.com"]

[Event "Late Titled Tuesday Blitz February 8 2022"]
[White "Lenderman, Aleksandr"]
[Black "Khripachenko, Alexander"]
[WhiteFideId "2021285"]
[BlackFideId "54184975"]
[WhiteElo "2651"]
[BlackElo "2177"]
[Result "1-0"]
[Round "06"]
[TimeControl "180+1"]
[Date "2022.02.08"]
[WhiteClock "0:00:38"]
[BlackClock "0:00:09"]

1. Nf3 Nf6 2. c4 g6 3. Nc3 d5 4. cxd5 Nxd5 5. e4 Nxc3 6. dxc3 Qxd1+ 7. Kxd1 Bg7 8. Be3 Be6 9. Nd4 Bd7 10. Kc2 Nc6 11. Nb5 O-O-O 12. Nxa7+ Nxa7 13. Bxa7 Bc6 14. Be3 Bxe4+ 15. Kb3 Bd5+ 16. Bc4 Bxg2 17. Bxf7 Bxh1 18. Rxh1 Rhf8 19. Be6+ Kb8 20. a4 Be5 21. h4 Bf4 22. Bd4 b6 23. Bg7 Rf6 24. Bxf6 exf6 25. h5 g5 26. h6 Re8 27. Bf5 Re7 28. Rd1 Kb7 29. f3 c6 30. Rd8 g4 31. fxg4 Bxh6 32. Rh8 Bf4 33. Bxh7 Be5 34. Bf5 Rg7 35. Kc4 Re7 36. b4 Bd6 37. Rh6 Be5 38. g5 fxg5 39. Be4 Bd6 40. Rxd6 Rxe4+ 41. Kd3 Rg4 42. Rd7+ Kc8 43. Rg7 c5 44. bxc5 bxc5 45. a5 Ra4 46. Rxg5 Rxa5 47. Kc4 Ra4+ 48. Kb5 Ra1 49. c4 Rb1+ 50. Kc6 Kd8 51. Rg8+ Ke7 52. Ra8 Rb4 53. Kxc5 Rb1 54. Kc6 Rc1 55. c5 Rc2 56. Rc8 Rc3 57. Kb7 Kd7 58. c6+ Kd6 59. Rd8+ Ke7 60. c7 Rb3+ 61. Ka6 Ra3+ 62. Kb5 Rd3 63. Rxd3 1-0


[Site "https://www.chess.com"]

[Event "Late Titled Tuesday Blitz February 8 2022"]
[White "Li, Ben"]
[Black "Bortnyk, Olexandr"]
[WhiteFideId "2089980"]
[BlackFideId "14120828"]
[WhiteElo "2267"]
[BlackElo "2723"]
[Result "1-0"]
[Round "06"]
[TimeControl "180+1"]
[Date "2022.02.08"]
[WhiteClock "0:00:42"]
[BlackClock "0:00:01"]

1. d4 d6 2. e4 Nf6 3. Nc3 Nbd7 4. Nf3 e5 5. Bc4 Be7 6. O-O O-O 7. a4 a6 8. Re1 b6 9. Nd5 Bb7 10. Nxe7+ Qxe7 11. Bd3 c5 12. d5 Rfd8 13. c3 Nf8 14. Nd2 Rdb8 15. Bf1 Bc8 16. Nc4 h6 17. b4 Ng6 18. bxc5 bxc5 19. f3 a5 20. Be3 Bd7 21. Qc2 Nh5 22. Reb1 Ngf4 23. Rxb8+ Rxb8 24. Nxa5 f5 25. Nc6 Bxc6 26. dxc6 fxe4 27. fxe4 Qg5 28. Kh1 Qh4 29. Qf2 Qe7 30. a5 Qc7 31. Bc4+ Kh7 32. Bd5 Nf6 33. Bxf4 exf4 34. h3 Ra8 35. Qxf4 Ra6 36. Qf5+ Kh8 37. Rb1 Ra7 38. Rb7 Rxb7 39. cxb7 h5 40. Qc8+ 1-0


[Site "https://www.chess.com"]

[Event "Late Titled Tuesday Blitz February 8 2022"]
[White "Lin, Dachey"]
[Black "Kanyamarala, Tarun"]
[WhiteFideId "2029650"]
[BlackFideId "45004714"]
[WhiteElo "2743"]
[BlackElo "2144"]
[Result "0-1"]
[Round "06"]
[TimeControl "180+1"]
[Date "2022.02.09"]
[WhiteClock "0:00:37"]
[BlackClock "0:00:59"]

1. g4 d5 2. Bg2 c6 3. g5 e5 4. d4 e4 5. c4 Be7 6. h4 h6 7. f4 Be6 8. Nc3 Bb4 9. Qb3 Bxc3+ 10. bxc3 Qd7 11. cxd5 cxd5 12. e3 Ne7 13. Ba3 Nbc6 14. Rb1 b6 15. Ne2 Rc8 16. Qa4 Nf5 17. Kf2 Na5 18. Qxd7+ Kxd7 19. Bh3 Nc4 20. Bxf5 Bxf5 21. Bc1 g6 22. Ng3 Bg4 23. Nf1 hxg5 24. fxg5 f6 25. gxf6 Rcf8 26. Nd2 Rxf6+ 27. Kg3 Be2 28. Nxc4 Rf3+ 29. Kg2 Bxc4 30. Ba3 Rxe3 31. Rh3 Rxh3 32. Kxh3 g5 33. Rg1 Rxh4+ 34. Kg3 Ke6 35. Rg2 Kf5 36. Rf2+ Rf4 37. Rh2 Rf3+ 38. Kg2 Rxc3 0-1


[Site "https://www.chess.com"]

[Event "Late Titled Tuesday Blitz February 8 2022"]
[White "Lopez Del Alamo, Antonio"]
[Black "Pavlidou, Ekaterini"]
[WhiteFideId "2227339"]
[BlackFideId "4213262"]
[WhiteElo "2082"]
[BlackElo "2127"]
[Result "0-1"]
[Round "06"]
[TimeControl "180+1"]
[Date "2022.02.09"]
[WhiteClock "0:00:05"]
[BlackClock "0:00:39"]

1. e4 c5 2. Nf3 e6 3. d3 Nc6 4. g3 g6 5. d4 cxd4 6. Nxd4 d5 7. Bg2 Bg7 8. Be3 Nge7 9. Nc3 Nxd4 10. Bxd4 e5 11. Bc5 d4 12. Bxe7 Qxe7 13. Nd5 Qd6 14. c3 O-O 15. cxd4 exd4 16. O-O Be6 17. Qb3 b6 18. Rad1 Rac8 19. Qa4 a5 20. Qb5 Bxd5 21. exd5 Rc5 22. Qd3 Rfc8 23. h4 Rc2 24. Rb1 Qb4 25. a3 Qd2 26. Qb5 Be5 27. Rbd1 Qe2 28. Qxe2 Rxe2 29. b4 a4 30. Rfe1 Rcc2 31. Rxe2 Rxe2 32. d6 Kf8 33. d7 Ke7 34. Bc6 f5 35. Bxa4 f4 36. Bb5 f3 37. Bxe2 fxe2 38. Re1 d3 39. f4 Bd4+ 40. Kg2 Kxd7 41. Kf3 d2 42. Kxe2 dxe1=Q+ 43. Kxe1 Bb2 44. a4 Ba3 45. Ke2 Bxb4 46. Kf3 Kc6 47. Ke4 Be1 48. h5 Bxg3 49. hxg6 hxg6 50. f5 gxf5+ 51. Kxf5 Kc5 52. Ke4 Kb4 0-1


[Site "https://www.chess.com"]

[Event "Late Titled Tuesday Blitz February 8 2022"]
[White "Lopez Perdomo, Juan David"]
[Black "Haussernot, Cecile"]
[WhiteFideId "4405137"]
[BlackFideId "601632"]
[WhiteElo "1997"]
[BlackElo "2288"]
[Result "1/2-1/2"]
[Round "06"]
[TimeControl "180+1"]
[Date "2022.02.09"]
[WhiteClock "0:00:05"]
[BlackClock "0:00:04"]

1. e4 c5 2. d4 cxd4 3. c3 dxc3 4. Nxc3 Nc6 5. Nf3 e6 6. Bc4 a6 7. O-O Nge7 8. Bg5 f6 9. Bh4 Ng6 10. Bg3 Be7 11. Qe2 O-O 12. Rfd1 Qe8 13. Bd6 b5 14. Bb3 Bb7 15. Rd2 Bd8 16. Rad1 Rf7 17. Ne1 Bb6 18. Nd3 Nd4 19. Qh5 Rc8 20. Nc5 Bxc5 21. Bxc5 Nxb3 22. axb3 Nf4 23. Qg4 Rxc5 24. Qxf4 Bc6 25. Qd6 Rg5 26. f4 Rg6 27. Re1 Qa8 28. b4 f5 29. exf5 Rxf5 30. g3 h5 31. Ne2 h4 32. Rd3 Be4 33. Rd4 Bf3 34. Kf2 Bxe2 35. Rxe2 hxg3+ 36. hxg3 Rh5 37. Ke3 Rxg3+ 38. Kd2 Qf3 39. Qxd7 Rh6 40. Qd8+ Kh7 41. Qd6 Rg2 42. Rxg2 Qxg2+ 43. Kc3 Rh3+ 44. Rd3 Rh1 45. Rd2 Rc1+ 46. Kb3 Qf3+ 47. Qd3+ Qxd3+ 48. Rxd3 Kg6 49. Rg3+ Kf6 50. Rf3 Rc4 51. Ka3 Kf5 52. Rg3 Kf6 53. Rf3 g6 54. b3 Re4 55. Kb2 Kf5 56. Rg3 Rxf4 57. Rd3 Re4 58. Rd8 Re2+ 59. Ka3 g5 60. Rf8+ Ke4 61. Rf4+ gxf4 1/2-1/2


[Site "https://www.chess.com"]

[Event "Late Titled Tuesday Blitz February 8 2022"]
[White "Marcziter, Dmitrii"]
[Black "Baker, Chris W"]
[WhiteFideId "13900765"]
[BlackFideId "401676"]
[WhiteElo "2155"]
[BlackElo "2142"]
[Result "1-0"]
[Round "06"]
[TimeControl "180+1"]
[Date "2022.02.09"]
[WhiteClock "0:01:13"]
[BlackClock "0:00:53"]

1. d4 e6 2. c4 f5 3. g3 Nf6 4. Bg2 Be7 5. Nc3 O-O 6. Nh3 d6 7. O-O a5 8. e4 Nxe4 9. Nxe4 fxe4 10. Bxe4 d5 11. Bg2 Bf6 12. c5 Nc6 13. Be3 Kh8 14. Nf4 e5 15. dxe5 Bxe5 16. Nxd5 Bxb2 17. Rb1 Be5 18. f4 Bf6 19. a3 Rb8 20. Qd3 Be6 21. Rfd1 Qe8 22. Nxc7 Qf7 23. Nxe6 Qxe6 24. Bf2 Rfd8 25. Qe4 Qa2 26. a4 Re8 27. Qd5 Qxa4 28. Re1 Qc2 29. Qf7 Rf8 30. Qh5 Bd4 31. Bxd4 Nxd4 32. Be4 1-0


[Site "https://www.chess.com"]

[Event "Late Titled Tuesday Blitz February 8 2022"]
[White "Martinez Alcantara, Jose Eduardo"]
[Black "Shoker, Samy"]
[WhiteFideId "3805662"]
[BlackFideId "627143"]
[WhiteElo "2690"]
[BlackElo "2493"]
[Result "1-0"]
[Round "06"]
[TimeControl "180+1"]
[Date "2022.02.08"]
[WhiteClock "0:00:09"]
[BlackClock "0:00:34"]

1. e4 d6 2. d4 Nf6 3. Nc3 g6 4. g3 Bg7 5. Bg2 O-O 6. Nge2 c6 7. a4 e5 8. O-O exd4 9. Nxd4 Na6 10. a5 Re8 11. Bf4 Nc5 12. Re1 a6 13. h3 Nh5 14. Be3 Nf6 15. f3 h5 16. h4 Qe7 17. Qd2 Bd7 18. Bf4 Rad8 19. Rad1 Bc8 20. Bg5 Qc7 21. b4 Ne6 22. Nxe6 Bxe6 23. Ne2 d5 24. Qf4 Qxf4 25. Nxf4 dxe4 26. Rxd8 Rxd8 27. Nxe6 fxe6 28. fxe4 Rd4 29. c3 Rc4 30. Bd2 e5 31. Kf1 c5 32. Ke2 Nxe4 33. Kd3 Nxd2 34. Bd5+ Kf8 35. Bxc4 Nxc4 36. Kxc4 cxb4 37. cxb4 Ke7 38. Kd5 Kd7 39. Rf1 Ke7 40. Rf2 Bf6 41. Rf3 Bg7 42. b5 axb5 43. Rb3 Kd7 44. Rxb5 Kc7 45. Rb6 e4 46. Rxg6 Bc3 47. Kxe4 Bxa5 48. Rg7+ Kc6 49. Rg5 b5 50. Rxh5 Be1 51. g4 b4 52. Kd3 b3 53. g5 b2 54. Kc2 Bc3 55. g6 Kd6 56. Rb5 Bg7 57. Rb7 1-0


[Site "https://www.chess.com"]

[Event "Late Titled Tuesday Blitz February 8 2022"]
[White "Martirosyan, Haik M."]
[Black "Solon, Nathan"]
[WhiteFideId "13306553"]
[BlackFideId "2017229"]
[WhiteElo "2735"]
[BlackElo "2564"]
[Result "1-0"]
[Round "06"]
[TimeControl "180+1"]
[Date "2022.02.08"]
[WhiteClock "0:00:56"]
[BlackClock "0:00:04"]

1. Na3 e5 2. c4 Nc6 3. Nc2 Nf6 4. d3 d5 5. cxd5 Nxd5 6. g3 Be6 7. Nf3 f6 8. Bg2 Be7 9. a3 a5 10. e4 Nb6 11. d4 Bc4 12. d5 Nb8 13. Ne3 Ba6 14. Bf1 O-O 15. Nf5 Rf7 16. Be3 Bf8 17. Rc1 c6 18. dxc6 Qc7 19. Qb3 Nc8 20. Bc4 Bxc4 21. cxb7 Qxb7 22. Qxc4 Nb6 23. Bxb6 Qxb6 24. O-O Na6 25. Rfd1 Nc5 26. Rd5 Rc8 27. b4 axb4 28. axb4 Nxe4 29. Ne7+ Kh8 30. Rc5 Nxc5 31. Qxf7 Bxe7 32. Qxe7 Qc6 33. Rxc5 1-0


[Site "https://www.chess.com"]